 Dungeon Crawl Stone Soup version 0.28.0-43-g3370ac3207 (webtiles) character file.

Game seed: 9510713364943431785

1099 issech the Cudgeller (level 8, -2/79 HPs)
             Began as a Troll Monk on Mar 15, 2022.
             Slain by Dowan
             ... wielding a +2 dagger of electrocution
              (13 damage)
             ... on level 5 of the Dungeon.
             The game lasted 00:19:02 (4379 turns).

issech the Cudgeller (Troll Monk)                   Turns: 4379, Time: 00:19:04

Health: -2/79      AC:  4    Str: 20    XL:     8   Next: 10%
Magic:  7/7        EV: 11    Int:  6    God:
Gold:   222        SH:  0    Dex: 14    Spells: 7/7 levels left

rFire   . . .      SeeInvis .   i - +1 whip (distort)
rCold   . . .      Faith    .   (no shield)
rNeg    . . .      Spirit   .   b - +0 robe
rPois   .          Reflect  .   (helmet restricted)
rElec   .          Harm     .   (no cloak)
rCorr   .          Rampage  .   (gloves unavailable)
Will    .....                   (boots unavailable)
Stlth   ++........              (no amulet)
HPRegen 1.03/turn               (no ring)
MPRegen 0.10/turn               (no ring)

@: no status effects
A: large, unfitting armour, claws 3, regeneration 1, shaggy fur 1, tough skin 1
a: no special abilities


You were on level 5 of the Dungeon.
You visited 2 branches of the dungeon, and saw 6 of its levels.
You also visited: Sewer.

You collected 222 gold pieces.

Inventory:

Hand Weapons
 a - a +0 mace
 i - a +1 whip of distortion (weapon)
 n - a +0 morningstar
 o - a +0 hunting sling
 r - a +2 short sword of draining
 x - a +0 flail
 B - a +0 morningstar
 I - the +5 hand axe "Jiffex" {spect, rN+}
   (You found it on level 5 of the Dungeon)

   When its wielder attacks, the weapon's spirit leaps out and strikes again.
   The spirit shares a part of any damage it takes with its wielder.
   rN:        It protects you from negative energy.
 J - a +0 giant club
Missiles
 f - 112 stones
 l - a throwing net
 q - 5 javelins
 s - 20 bolts
 v - 20 arrows
 C - 5 large rocks (quivered)
Armour
 b - a +0 robe (worn)
Wands
 j - a wand of digging (4)
 D - a wand of flame (21)
Scrolls
 c - a scroll of magic mapping
 d - 2 scrolls of fear {unknown}
 e - 5 scrolls of identify
 g - a scroll of teleportation {unknown}
 k - 3 scrolls of immolation {unknown}
 m - a scroll of summoning {unknown}
 p - a scroll of amnesia {unknown}
 t - a scroll of noise {unknown}
 w - a scroll of fog {unknown}
 y - 2 scrolls of blinking {unknown}
 E - 2 scrolls of enchant armour {unknown}
 G - a scroll of vulnerability {unknown}
Potions
 h - a potion of attraction {unknown}
 u - a potion of ambrosia {unknown}
 z - 3 potions of haste {unknown}
 A - a potion of resistance {unknown}
 F - a potion of brilliance {unknown}
 H - a potion of lignification {unknown}


   Skills:
 + Level 4.4 Fighting
 + Level 6.2 Maces & Flails
 + Level 1.0 Throwing
 + Level 4.2 Dodging
 + Level 2.3 Stealth


You had 7 spell levels left.
You didn't know any spells.
Your spell library was empty.

Dungeon Overview and Level Annotations

Branches:
Dungeon (5/15)             Temple (1/1) D:5           Sewer (visited)

Altars:
Ashenzari
Dithmenos
Elyvilon
Fedhas
Makhleb
Nemelex Xobeh
Okawaru
Qazlal
Ru
Uskayaw
Vehumet
Wu Jian
Xom
Yredelemnul
Zin
The Shining One

Shops:
D:2 =*(*

Annotations:
D:5 Dowan
Abyss:1 Grinder


Innate Abilities, Weirdness & Mutations

You are too large for most types of armour.
You have claws for hands.
Your natural rate of healing is unusually fast.
You are covered in fur. (AC +1)
You have tough skin. (AC +1)


Message History

Dowan mumbles some strange words.
Dowan blinks!
Dowan breathes, "And she was my only..."
Dowan hits you with a +2 dagger of electrocution!
Dowan hits you with a +2 dagger of electrocution.
You hit Dowan.
Space warps around Dowan.
Dowan is almost dead.
Dowan gestures at you while chanting. The stone arrow hits you!
You barely miss Dowan.
Dowan is almost dead.
Dowan hits you with a +2 dagger of electrocution.
You closely miss Dowan.
Dowan is almost dead.
Dowan hits you with a +2 dagger of electrocution.
You are electrocuted!!
You barely miss Dowan.
Dowan is almost dead.
Dowan barely misses you.
Dowan casts a spell.
Dowan blinks!
Dowan is nearby!
Dowan casts a spell.
Dowan blinks!
Dowan mumbles some strange words.
Dowan blinks!
Dowan casts a spell.
Dowan blinks!
Dowan mumbles some strange words.
Dowan blinks!
Dowan casts a spell at you. The shard of ice hits you!
Dowan closely misses you.
Dowan points at you and mumbles some strange words.
The stone arrow hits you!
* * * LOW HITPOINT WARNING * * *
Dowan hits you with a +2 dagger of electrocution!
* * * LOW HITPOINT WARNING * * *
You are electrocuted!
You die...

##.....###.#...###,,,,,,,*,,,,,,,
*#...............#,,,,,,,*,,,,,,,
##........##.....#,,,,,,,*,,,,,,,
.........###.#...#*,,,,,***,,,,,*
##.........#..#.####,,,** **,,,**
##........##....#..##+#######+***
.............#...............,,,,
..†..........##....).........,,,,
)...............@e...........,,,,
...####........§...##'#######+***
...# #^..........##...#* **,,,**
..######....#....##.....#**,,,,,*
...##.......##.#.#.......#,,,,,,,
...##.......###..#.......#,,,,,,,
.#...............#...$...#,,,,,,,
.................##.....##*,,,,,*
.............##...##...## **,,,**


You could see Dowan (fast).

Vanquished Creatures
  Duvessa (D:5)
  An ice beast (D:5)
  A black bear (D:4)
  An ogre (D:5)
  A scorpion (D:4)
  A howler monkey (D:3)
  An orc priest (D:4)
  A hound (D:4)
  An iguana (D:4)
  An orc wizard (D:3)
  9 adders
  5 river rats (Sewer)
  3 worms
  3 dart slugs
  16 orcs
  8 bats
  4 endoplasms
  3 giant cockroaches
  4 goblins
  5 hobgoblins
  7 jackals
  5 kobolds
  5 quokkas
  12 ball pythons
  6 frilled lizards
  7 rats
112 creatures vanquished.

Vanquished Creatures (others)
  A worm (D:5)
  26 plants (Sewer)
27 creatures vanquished.

Grand Total: 139 creatures vanquished

Notes
Turn   | Place    | Note
-------+----------+-------------------------------------------
     0 | D:1      | issech the Troll Monk began the quest for the Orb.
     0 | D:1      | Reached XP level 1. HP: 22/22 MP: 0/0
    71 | D:1      | Reached skill level 3 in Maces & Flails
    78 | D:1      | Reached XP level 2. HP: 29/29 MP: 1/1
   456 | D:2      | Found Behihur's Assorted Antiques.
   543 | D:2      | Found Jaucse's Weapon Emporium.
   552 | D:2      | Reached XP level 3. HP: 36/36 MP: 2/2
   694 | D:2      | Found Sewis's General Store.
  1030 | D:2      | Found Fischus's Jewellery Emporium.
  1195 | D:3      | Reached XP level 4. HP: 44/44 MP: 3/3
  1464 | D:3      | Reached skill level 4 in Maces & Flails
  1689 | D:3      | Found a glowing golden altar of the Shining One.
  1951 | D:3      | Reached XP level 5. HP: 49/53 MP: 4/4
  2053 | D:4      | Noticed a black bear
  2086 | D:4      | Killed a black bear
  2087 | D:4      | Reached XP level 6. HP: 61/61 MP: 5/5
  2093 | D:4      | Noticed Grinder
  2119 | D:4      | Paralysed by Grinder for 6 turns
  2135 | D:4      | Banished Grinder
  2136 | D:4      | Reached skill level 5 in Maces & Flails
  2445 | D:4      | Reached XP level 7. HP: 68/68 MP: 6/6
  3077 | D:5      | Entered Level 5 of the Dungeon
  3106 | D:5      | Found a hide-covered altar of Uskayaw.
  3118 | D:5      | Found a radiant altar of Vehumet.
  3132 | D:5      | Found a glowing drain.
  3172 | Sewer    | Entered a sewer
  4129 | D:5      | Found a staircase to the Ecumenical Temple.
  4164 | Temple   | Entered the Ecumenical Temple
  4271 | D:5      | Identified the +5 hand axe "Jiffex" {spect, rN+}
  4288 | D:5      | Reached skill level 6 in Maces & Flails
  4347 | D:5      | Noticed Duvessa
  4347 | D:5      | Noticed Dowan
  4361 | D:5      | Killed Duvessa
  4362 | D:5      | Reached skill level 1 in Throwing
  4362 | D:5      | Reached XP level 8. HP: 76/79 MP: 7/7
  4379 | D:5      | Slain by Dowan

Illustrated notes

Levels and vault maps discovered:
D:1:      dpeg_arrival_orchard, layout_rooms
D:2:      layout_loops_ring, serial_shops, nicolae_lakefront_shop,
          nicolae_shop_hallway_stairs, nicolae_lakefront_shop, shop
D:3:      layout_loops_ring, lemuel_coloured_pillars_altar, serial_rivers,
          chequers_serial_rivers_room_a, chequers_serial_rivers_small_a,
          chequers_serial_rivers_micro_b, chequers_serial_rivers_micro_c,
          chequers_serial_rivers_small_a, roderic_lattice_a
D:4:      layout_cave_pods, dk_vineyard_3, uniq_grinder
D:5:      kennysheep_six_static_rooms, layout_cave_pools,
          mainiacjoe_overflow_concentric_impassable, vehumet_altar_wand_db,
          minmay_temple_entry_butterflies, cheibrodos_sewer_entry_bend,
          uniq_duvessa
Temple:   nicolae_temple_god_jail

Skill      XL: |  1  2  3  4  5  6  7 |
---------------+----------------------+-----
Maces & Flails | 3 4 5 6 |  6.2
Fighting       | 3 4 |  4.4
Dodging        | 3 4 |  4.2
Stealth        | 2 |  2.3
Throwing       | 1 |  1.0

Action                   |  1- 3 |  4- 6 |  7- 9 || total
-------------------------+-------+-------+-------++-------
Melee: Mace              |    66 |       |       ||    66
       Whip              |    32 |    80 |   197 ||   309
       Punch             |       |     1 |     2 ||     3
Throw: Stone             |       |    12 |       ||    12
  Use: Scroll            |       |       |     2 ||     2
 Stab: Sleeping          |     3 |     2 |     1 ||     6
Armor: Robe              |    44 |    22 |    19 ||    85
Dodge: Dodged            |    46 |    29 |    82 ||   157
